Map: Oxide LE

Players

Rex

  • Race: Zerg Zerg

Nice - Winner!

  • Race: Protoss Protoss

VOD

Have the link to the VOD?

Description

Time

  • Played on: Oct. 1, 2021, 8:28 a.m.
  • Length: 8:03
Show
View Real Time Build Order
Export as new Build Order

Rex Zerg 

Build Orders: 3 Hatch before Pool 

Get SALT Encoding   

  12  0:00  Drone  
  13  0:12  Overlord  
  13  0:17  Drone  
  14  0:32  Drone x2  
  16  0:48  Drone x2  
  18  0:58  Hatchery  
  17  1:19  Hatchery  
  17  1:20  Drone  
  17  1:23  Drone  
  18  1:28  Extractor  
  17  1:40  Spawning Pool  
  17  1:42  Drone  
  17  1:45  Drone  
  18  1:50  Drone  
  18  1:53  Drone  
  21  2:08  Overlord  
  21  2:23  Drone  
  21  2:27  Queen  
  21  2:28  Queen  
  26  2:35  Metabolic Boost  
  26  2:37  Drone x2  
  26  2:38  Drone  
  26  2:39  Drone x2  
  26  2:43  Zergling x2  
  32  2:51  Zergling x2  
  33  2:54  Overlord  
  33  3:01  Zergling x2  
  33  3:04  Zergling x2  
  34  3:09  Queen  
  35  3:14  Zergling x2, Queen  
  35  3:15  Overlord  
  38  3:29  Drone  
  38  3:30  Overlord  
  38  3:33  Drone  
  40  3:42  Drone x3, Hatchery  
  40  3:43  Drone x2  
  44  3:59  Drone x5  
  48  4:10  Spore Crawler  
  48  4:12  Zergling x4  
  49  4:20  Drone x3  
  51  4:28  Drone  
  48  4:32  Drone  
  48  4:33  Drone  
  50  4:40  Drone x2, Evolution Chamber  
  50  4:42  Drone  
  50  4:45  Spore Crawler  
  51  4:48  Drone  
  51  4:50  Overlord  
  51  4:52  Overlord  
  52  4:56  Drone  
  50  5:01  Drone x4  
  50  5:05  Queen x2  
  58  5:07  Queen  
  58  5:11  Zerg Melee Weapons Level 1  
  58  5:13  Drone  
  58  5:14  Drone  
  62  5:17  Spore Crawler  
  62  5:20  Drone x2  
  63  5:21  Extractor  
  63  5:26  Drone  
  61  5:28  Drone  
  61  5:31  Drone  
  61  5:34  Baneling Nest  
  61  5:35  Zergling x10  
  67  5:38  Overlord  
  67  5:45  Queen  
  67  5:46  Queen  
  71  5:50  Zergling x4  
  71  5:51  Overlord  
  73  6:01  Zergling x16  
  81  6:05  Zergling x2  
  81  6:07  Overlord  
  82  6:12  Overlord  
  82  6:21  Overlord  
  82  6:22  Overlord  
  82  6:31  Drone x4  
  84  6:38  Hatchery  
  79  6:42  Zergling x6  
  79  6:46  Baneling x4  
  79  6:47  Baneling  
  80  6:54  Zergling x16  
  80  6:59  Overlord  
  86  7:01  Drone x6  
  82  7:16  Drone  
  82  7:17  Drone  
  82  7:19  Drone  
  82  7:20  Drone x3  
  79  7:24  Drone  
  79  7:29  Drone  
  74  7:30  Extractor  
  74  7:31  Roach Warren  
  74  7:33  Drone x5  
  74  7:35  Drone  
  73  7:38  Drone x2  
  73  7:41  Drone  
  76  7:47  Extractor  
  76  7:50  Extractor  
Show
View Real Time Build Order
Export as new Build Order

Nice Protoss - Winner!

Build Orders: Oracle Opening 

Get SALT Encoding   

  12  0:00  Probe  
  13  0:12  Probe  
  14  0:19  Pylon  
  14  0:24  Probe  
  15  0:40  Gateway  
  16  0:45  Pylon  
  16  0:50  Probe (Chrono Boost)  
  16  0:55  Probe (Chrono Boost)  
  17  0:59  Assimilator  
  17  1:05  Probe  
  18  1:17  Probe  
  19  1:26  Zealot (Chrono Boost)  
  19  1:29  Cybernetics Core, Probe  
  22  1:42  Probe  
  23  2:10  Pylon  
  23  2:17  Nexus  
  23  2:18  Assimilator  
  23  2:25  Adept (Chrono Boost)  
  23  2:28  Probe, Pylon  
  26  2:40  Probe  
  27  2:48  Adept  
  29  2:52  Probe  
  30  3:01  Stargate  
  30  3:05  Probe  
  31  3:09  Warp Gate  
  31  3:17  Probe (Chrono Boost)  
  31  3:18  Adept  
  35  3:27  Probe (Chrono Boost)  
  35  3:31  Probe (Chrono Boost)  
  35  3:32  Probe (Chrono Boost)  
  37  3:39  Gateway  
  37  3:42  Probe, Oracle (Chrono Boost)  
  37  3:43  Probe  
  42  3:52  Pylon  
  42  3:54  Probe  
  42  3:55  Probe  
  44  4:04  Void Ray (Chrono Boost)  
  44  4:07  Probe x2  
  46  4:15  Pylon  
  50  4:19  Probe x2  
  52  4:31  Probe x2  
  51  4:36  Assimilator  
  51  4:37  Assimilator, Pylon  
  50  4:40  Oracle (Chrono Boost)  
  50  4:43  Probe x2  
  55  4:47  Pylon  
  55  4:49  Gateway  
  55  4:51  Pylon  
  55  4:56  Probe  
  56  5:03  Probe  
  57  5:08  Probe  
  57  5:09  Adept  
  57  5:10  Adept  
  57  5:11  Oracle (Chrono Boost)  
  65  5:16  Probe  
  65  5:20  Probe  
  67  5:23  Pylon  
  67  5:28  Nexus  
  67  5:34  Probe x2  
  69  5:44  Adept x2  
  69  5:45  Adept  
  69  5:46  Probe x2  
  77  5:53  Robotics Facility, Shield Battery  
  77  5:57  Robotics Facility  
  77  6:01  Probe  
  77  6:04  Probe  
  79  6:13  Probe  
  79  6:15  Sentry x3  
  79  6:16  Probe  
  87  6:23  Forge  
  87  6:25  Probe  
  88  6:26  Twilight Council  
  88  6:28  Probe  
  89  6:32  Shield Battery  
  89  6:37  Probe  
  89  6:38  Shield Battery x2  
  89  6:39  Shield Battery  
  90  6:40  Sentry x2, Shield Battery  
  90  6:43  Pylon  
  90  6:44  Sentry  
  96  6:50  Immortal (Chrono Boost)  
  104  7:06  Immortal (Chrono Boost)  
  104  7:07  Zealot x3  
  110  7:18  Probe  
  110  7:20  Immortal (Chrono Boost)  
  109  7:33  Immortal (Chrono Boost)  
  109  7:36  Zealot  
  115  7:45  Pylon  
  115  7:50  Probe x2  
Tags
 
Add a new tag
Caveats
  • Supply blocks, unpowered buildings, or Contaminate may cause inaccurate times.
  • Supply counts are checked every 10 seconds.